 Dungeon Crawl Stone Soup version 0.31.0-9-g3a7656b989 (webtiles) character file.

Game seed: 14875048635745971599

16 qw the Shooter (level 2, -1/16 HPs)
             Began as a Deep Elf Hunter on Feb 2, 2024.
             Succumbed to their own poison gas
             ... on level 1 of the Dungeon.
             The game lasted 00:00:02 (1062 turns).

qw the Shooter (Deep Elf Hunter)                    Turns: 1062, Time: 00:00:02

Health: -1/16      AC:  4    Str:  8    XL:     2   Next: 41%
Magic:  4/4        EV: 12    Int: 13    God:
Gold:   45         SH:  0    Dex: 18    Spells: 1/1 levels left

rFire   . . .        a - +0 shortbow
rCold   . . .        (shield currently unavailable)
rNeg    . . .        c - +0 leather armour
rPois   .            (no helmet)
rElec   .            (no cloak)
rCorr   .            (no gloves)
SInv    .            d - +0 pair of boots
Will    .....        (no amulet)
Stlth   ++           (no ring)
HPRegen 0.22/turn    (no ring)
MPRegen 0.09/turn

%: no passive effects
@: lethally poisoned (-1 -> -11)
A: no striking features
a: no special abilities


You were on level 1 of the Dungeon.
You visited 1 branch of the dungeon, and saw 1 of its levels.

You collected 45 gold pieces.


   Skills:
 - Level 1.5 Fighting
 + Level 6.2 Ranged Weapons
 - Level 2.4 Dodging
 - Level 1.2 Stealth


You had one spell level left.
You didn't know any spells.
Your spell library was empty.

Inventory:

Hand Weapons
 a - a +0 shortbow (weapon)
Armour
 c - a +0 leather armour (worn)
 d - a +0 pair of boots (worn)
Potions
 g - a potion of heal wounds {unknown}

Dungeon Overview and Level Annotations

Branches:
Dungeon (1/15)

Altars:


Message History

The air fills with toxic fumes!
As you read the scroll labelled UNUCIT RORRAZUXYA, it crumbles to dust.
It was a scroll of poison.
Done exploring.
1055 ||| READING scroll labelled VUCWYABUTH.
Blink to where?
Press: ? - help, Dir - move target, f - you
As you read the scroll labelled VUCWYABUTH, it crumbles to dust.
It was a scroll of blinking.
Done exploring.
1056 ||| READING scroll labelled FUHU WIZXER.
As you read the scroll labelled FUHU WIZXER, it crumbles to dust.
It is a scroll of amnesia.
You feel forgetful for a moment.
Done exploring.
1057 ||| READING scroll labelled XIWNAI WEIX.
As you read the scroll labelled XIWNAI WEIX, it crumbles to dust.
You hear a loud clanging noise!
It was a scroll of noise.
Done exploring.
1058 ||| DROPPING scroll of butterflies.
You drop a scroll of butterflies.
Done exploring.
What level of the Dungeon? (default 1, ? - help) Sorry, I don't know how to get there.
Enter note:
Enter note:
Enter note:
Enter note:
Enter note:
Enter note: You are engulfed in poison gas.
You are lethally poisoned!
You feel very sick.
1060 ||| Stepping ~*~*~tactically~*~*~ (cloud).
You feel very sick.
You see here a scroll of butterflies.
There is a lethal amount of poison in your body!
You feel very sick.
There is a lethal amount of poison in your body!
You die...

...)..#.# ##.## ##.#.#
#####.#.####..##########
#.#.#
......#.####.#####.#<###
#.#..
#######.####.####.#.####
#.###
......#.###..#####.#.#.##
#.#
#####.#.###.#########.#.#
#.#
........###.########.#.##
#.#
)##########.#####ยค#.####
#.# ## ##.####@#.#####
#.# ### #..#####.#.####
#.# ..## #.#########.####
#.### #..#
#(.#########.#.## #....
##.### ##)##########.#.#
##### #...##
##.#########.#.## ###..##
##.########.#### ####
##..# ##.#######.####
#... ##.## #.# ##.#.##
#.##


There were no monsters in sight!

Vanquished Creatures
  2 bats (D:1)
  An endoplasm (D:1)
  2 hobgoblins (D:1)
  2 quokkas (D:1)
  A ball python (D:1)
  A frilled lizard (D:1)
  3 goblins (D:1)
  2 kobolds (D:1)
  A rat (D:1)
15 creatures vanquished.

Notes
Turn   | Place    | Note
-------+----------+-------------------------------------------
     0 | D:1      | qw the Deep Elf Hunter began the quest for the Orb.
     0 | D:1      | Reached XP level 1. HP: 12/12 MP: 3/3
     0 | D:1      | 0 ||| qw: Version: 0.3-a-155-g5e7d8dd
     0 | D:1      | 0 ||| qw: Game counter: 2561
     0 | D:1      | 0 ||| qw: Melee chars always use a shield: true
     0 | D:1      | 0 ||| qw: God list: Okawaru
     0 | D:1      | 0 ||| qw: Allow faded altars: false
     0 | D:1      | 0 ||| qw: Do Orc after clearing Dungeon:15 true
     0 | D:1      | 0 ||| qw: Do second Lair branch before Depths: true
     0 | D:1      | 0 ||| qw: Lair rune preference: random
     0 | D:1      | 0 ||| qw: Goals: Normal
     0 | D:1      | 0 ||| PLANNING D:1-11
   489 | D:1      | Reached XP level 2. HP: 16/16 MP: 4/4
   514 | D:1      | Reached skill level 6 in Ranged Weapons
  1048 | D:1      | 1048 ||| UPGRADING to +0 pair of boots.
  1053 | D:1      | 1053 ||| READING scroll labelled NIOJEC DIMNUO.
  1054 | D:1      | 1054 ||| READING scroll labelled UNUCIT RORRAZUXYA.
  1055 | D:1      | 1055 ||| READING scroll labelled VUCWYABUTH.
  1056 | D:1      | 1056 ||| READING scroll labelled FUHU WIZXER.
  1057 | D:1      | 1057 ||| READING scroll labelled XIWNAI WEIX.
  1058 | D:1      | 1058 ||| DROPPING scroll of butterflies.
  1060 | D:1      | 1060 ||| Stepping ~*~*~tactically~*~*~ (cloud).
  1060 | D:1      | HP: 4/16 [poisoned by you (poison gas)]
  1062 | D:1      | Succumbed to their own poison gas

Levels and vault maps discovered:
D:1:      nagdon_arrival_zigzag_paths, layout_basic, minivault_27

Skill      XL: |  1  2 |
---------------+-------+-----
Ranged Weapons | 6 |  6.2
Fighting       | |  1.5
Dodging        | |  2.4
Stealth        | |  1.2

Action                     || total
---------------------------++-------
   Fire: Shortbow          ||    37
    Use: Scroll            ||     5
 Armour: Leather armour    ||     6
  Dodge: Dodged            ||    10

Table legend:
 A = Non-vault XP
 B = Vault XP
 C = Vault XP percentage of total XP
 D = Non-vault monster count
 E = Vault monster count
 F = Vault count percentage of total count
                 A         B        C        D         E       F
            +---------+---------+-------+---------+---------+-------
      Total |      24 |       0 |   0.0 |      15 |       0 |   0.0
            +---------+---------+-------+---------+---------+-------
        D:1 |      24 |       0 |   0.0 |      15 |       0 |   0.0
            +---------+---------+-------+---------+---------+-------
